 Dungeon Crawl Stone Soup version 0.31-a0-365-gcf821cafb2 (console) character file.

Game seed: 16752167763168037450

3213 jejorda2 the Grappler (level 9, 0/111 HPs)
             Began as a Gnoll Berserker on July 27, 2023.
             Was a Priest of Trog.
             Slain by a very large slime creature (47 damage)
             ... on level 7 of the Dungeon.
             The game lasted 00:14:00 (6152 turns).

jejorda2 the Grappler (Gnoll Berserker)             Turns: 6152, Time: 00:14:00

Health: 0/111      AC: 17    Str: 20    XL:     9   Next: 97%
Magic:  16/16      EV: 13    Int:  7    God:    Trog [***...]
Gold:   383        SH:  0    Dex: 12    Spells: 17/17 levels left

rFire   . .          .
                       - Unarmed
rCold   . . .        (no shield)
rNeg    . . .        k - +0 plate armour
rPois   +            t - +2 helmet
rElec   .            (no cloak)
rCorr   .            (no gloves)
SInv    +            p - +0 pair of boots
Will    .....        B - amulet of faith Stlth
                     D - ring "Tovuak" {rPois SInv}
HPRegen 0.38/turn    y - +5 ring of evasion
MPRegen 0.15/turn

%: faith
@: berserking, studying 2 skills, very quick
A: fangs 1, strong nose, distributed training
a: Renounce Religion, Berserk, Trog's Hand


You were on level 7 of the Dungeon.
You worshipped Trog.
Trog was most pleased with you.
You visited 1 branch of the dungeon, and saw 7 of its levels.

You collected 413 gold pieces.
You spent 30 gold pieces at shops.

Inventory:

Missiles
 c - 2 poisoned darts (quivered)
 h - a throwing net
 m - 5 boomerangs
 w - 5 datura-tipped darts
Armour
 k - a +0 plate armour (worn)
 p - a +0 pair of boots (worn)
 t - a +2 helmet (worn)
Jewellery
 l - a ring of protection from cold
 y - a +5 ring of evasion (right hand)
 B - an amulet of faith (around neck)
 D - the ring "Tovuak" (left hand) {rPois SInv}
   (You found it on level 6 of the Dungeon)

   [ring of see invisible]

   rPois:     It protects you from poison.
   SInv:      It lets you see invisible.
Wands
 a - a wand of iceblast (11)
 o - a wand of charming (24)
 E - a wand of flame (28)
Potions
 j - 3 potions of curing
 q - a potion of mutation {unknown}
 r - 2 potions of haste
 z - a potion of cancellation {unknown}
 A - a potion of invisibility {unknown}


   Skills:
 + Level 8.2 Fighting
 + Level 4.8 Short Blades
 + Level 4.8 Long Blades
 + Level 4.8 Axes
 + Level 5.6 Maces & Flails
 + Level 4.8 Polearms
 + Level 4.8 Staves
 + Level 4.8 Ranged Weapons
 + Level 4.8 Throwing
 + Level 6.7 Armour
 + Level 6.7 Dodging
 + Level 4.8 Stealth
 + Level 4.8 Shields
 + Level 8.5 Unarmed Combat
 + Level 4.8 Spellcasting
 + Level 4.0 Conjurations
 + Level 4.0 Hexes
 + Level 4.0 Summonings
 + Level 4.0 Necromancy
 + Level 4.0 Translocations
 + Level 4.0 Transmutations
 + Level 4.0 Fire Magic
 + Level 4.0 Ice Magic
 + Level 4.0 Air Magic
 + Level 4.0 Earth Magic
 + Level 4.0 Poison Magic
 + Level 5.3 Invocations
 + Level 4.8 Evocations
 + Level 4.0 Shapeshifting


You had 17 spell levels left.
You didn't know any spells.
Your spell library was empty.

Dungeon Overview and Level Annotations

Branches:
Dungeon (7/15)             Temple (0/1) D:5

Altars:
Dithmenos
Elyvilon
Hepliaklqana
Okawaru
Qazlal
Wu Jian
Xom
The Shining One

Shops:
D:3 !=!!


Innate Abilities, Weirdness & Mutations

You have very sharp teeth.
Your uncanny sense of smell can sniff out nearby items.
Your experience applies equally to all skills.


Message History

You hit the slime creature but do no damage.
You punch the slime creature.
The slime creature is moderately wounded.
The slime creature hits you! x2
A red film seems to cover your vision as you go berserk!
You feel yourself moving faster!
You feel mighty!
The slime creature hits you but does no damage.
The slime creature hits you!
You punch the slime creature!
The slime creature is heavily wounded.
The slime creature hits you.
You pummel the slime creature!!
The slime creature is severely wounded.
The slime creature misses you.
Two slime creatures merge to form a large slime creature.
You punch the slime creature! You bite the slime creature.
You kill the slime creature!
Trog accepts your kill.
Your Conjurations skill increases to level 4!
Your Hexes skill increases to level 4!
Your Summonings skill increases to level 4!
Your Necromancy skill increases to level 4!
Your Translocations skill increases to level 4!
Your Transmutations skill increases to level 4!
Your Fire Magic skill increases to level 4!
Your Ice Magic skill increases to level 4!
Your Air Magic skill increases to level 4!
Your Earth Magic skill increases to level 4!
Your Poison Magic skill increases to level 4!
Your Shapeshifting skill increases to level 4!
You barely miss the large slime creature.
You punch the large slime creature!
The large slime creature is moderately wounded.
Two slime creatures merge to form a very large slime creature.
You punch the very large slime creature!
The very large slime creature is lightly wounded.
You punch the very large slime creature!
The very large slime creature is moderately wounded.
The very large slime creature hits you!!!
You die...

..#...,,,,....*#####.#..###
.....,,,,....#*#........###
##...,,,,.....##..........#
##...,,***.......##).#...##
##..#*,,*,,.....,*#)###.##
....#*,,,,,,#...**#..####
.#...,,,,,,,>...* ##.##
..#..,,,,,,***#J###...##
..#..,,,,,,,**#.@#.....#
,,,,,,,,,,,,,,#.......)#
,,,***,,**.........#...#
,,,,,*,,,,.#.$.....#.###
*,,,,,,*,,,####...####***
**,,**,*,,,,**#....,,,,,**
,*,,,,,,,,,,,,.....,,,,,,*
**,,,,,,,,,,,..#.##.,*,,,*
,*,,,,,,,,,,.?.##**,,**,,*


You could see a very large slime creature.

Vanquished Creatures
  Maggie (D:7)
  Prince Ribbit (D:5)
  A hornet (D:4)
  2 slime creatures (D:7)
  A steam dragon (D:7)
  Eustachio (D:6)
  Duvessa (D:7)
  A water moccasin (D:5)
  3 ice beasts
  3 ogres
  A centaur (D:5)
  A phantom (D:4)
  4 bullfrogs
  4 scorpions
  Dowan (D:7)
  A gnoll bouda (D:6)
  4 hounds
  5 iguanas
  2 orc wizards
  9 adders
  4 gnolls (D:4)
  A shadow imp (D:4)
  An ufetubus (D:6)
  A worm (D:3)
  3 dart slugs
  19 orcs
  8 endoplasms
  3 giant cockroaches
  3 goblins
  7 hobgoblins
  2 jackals (D:3)
  3 quokkas
  2 ball pythons
  4 bats
  2 frilled lizards (D:2)
  11 kobolds
  A rat (D:3)
122 creatures vanquished.

Notes
Turn   | Place    | Note
-------+----------+-------------------------------------------
     0 | D:1      | jejorda2 the Gnoll Berserker began the quest for the Orb.
     0 | D:1      | Reached XP level 1. HP: 23/23 MP: 1/1
   115 | D:1      | Reached XP level 2. HP: 29/29 MP: 2/2
   773 | D:2      | Reached XP level 3. HP: 32/35 MP: 2/4
   858 | D:2      | Reached skill level 1 in Invocations
   924 | D:2      | Reached skill level 1 in Short Blades
   924 | D:2      | Reached skill level 1 in Long Blades
   924 | D:2      | Reached skill level 1 in Axes
   924 | D:2      | Reached skill level 1 in Maces & Flails
   924 | D:2      | Reached skill level 1 in Polearms
   924 | D:2      | Reached skill level 1 in Staves
   924 | D:2      | Reached skill level 1 in Ranged Weapons
   924 | D:2      | Reached skill level 1 in Throwing
   924 | D:2      | Reached skill level 1 in Stealth
   924 | D:2      | Reached skill level 1 in Shields
   924 | D:2      | Reached skill level 1 in Spellcasting
   924 | D:2      | Reached skill level 1 in Evocations
   964 | D:2      | Reached XP level 4. HP: 41/41 MP: 5/5
  1122 | D:2      | Found a glowing golden altar of the Shining One.
  1582 | D:3      | Found Keiph's Distillery.
  1589 | D:3      | Bought a potion of curing for 30 gold pieces
  1614 | D:3      | Reached ** piety under Trog
  1649 | D:3      | Found Wadd's Jewellery Shop.
  1663 | D:3      | Reached skill level 1 in Conjurations
  1663 | D:3      | Reached skill level 1 in Hexes
  1663 | D:3      | Reached skill level 1 in Summonings
  1663 | D:3      | Reached skill level 1 in Necromancy
  1663 | D:3      | Reached skill level 1 in Translocations
  1663 | D:3      | Reached skill level 1 in Transmutations
  1663 | D:3      | Reached skill level 1 in Fire Magic
  1663 | D:3      | Reached skill level 1 in Ice Magic
  1663 | D:3      | Reached skill level 1 in Air Magic
  1663 | D:3      | Reached skill level 1 in Earth Magic
  1663 | D:3      | Reached skill level 1 in Poison Magic
  1663 | D:3      | Reached skill level 1 in Shapeshifting
  1782 | D:3      | You fall into a shaft and drop 3 floors!
  1838 | D:6      | Noticed Eustachio
  1840 | D:6      | Noticed a bullfrog
  1850 | D:6      | Killed a bullfrog
  1851 | D:6      | Reached XP level 5. HP: 43/47 MP: 5/7
  1933 | D:6      | Killed Eustachio
  1934 | D:6      | Reached skill level 5 in Armour
  1934 | D:6      | Reached skill level 5 in Dodging
  1934 | D:6      | Reached XP level 6. HP: 41/53 MP: 7/9
  1969 | D:5      | Entered Level 5 of the Dungeon
  2117 | D:4      | Reached XP level 7. HP: 38/60 MP: 10/10
  2443 | D:3      | Found a faded altar of an unknown god.
  2514 | D:3      | Identified the +4 whip of Tuttuycw {flame, Dex+3}
  2531 | D:3      | Found Lypiev's Distillery.
  2545 | D:3      | Found an ornate altar of the Wu Jian Council.
  2667 | D:3      | Found Cinnihaj's Distillery.
  2802 | D:3      | Found a shimmering altar of Xom.
  2803 | D:3      | Found a hazy altar of Hepliaklqana.
  2804 | D:3      | Noticed a spectral ugly thing
  3327 | D:4      | Found an iron altar of Okawaru.
  3899 | D:4      | Noticed a hornet
  3906 | D:4      | Killed a hornet
  3907 | D:4      | Reached XP level 8. HP: 53/67 MP: 12/12
  4054 | D:5      | Reached *** piety under Trog
  4278 | D:5      | Found a staircase to the Ecumenical Temple.
  4356 | D:5      | Found a shadowy altar of Dithmenos.
  4433 | D:5      | Noticed Prince Ribbit
  4460 | D:5      | Killed Prince Ribbit
  4752 | D:5      | Reached XP level 9. HP: 73/73 MP: 14/14
  4819 | D:5      | Found a stormy altar of Qazlal.
  5146 | D:6      | Found a white marble altar of Elyvilon.
  5573 | D:6      | Identified the ring "Tovuak" {rPois SInv}
  5853 | D:6      | Identified a scroll of acquirement
  5853 | D:6      | Acquired a manual of Unarmed Combat
  5950 | D:7      | Noticed Duvessa
  5950 | D:7      | Noticed Dowan
  5966 | D:7      | Killed Dowan
  5989 | D:7      | Noticed Maggie
  5995 | D:7      | Reached skill level 5 in Maces & Flails
  5995 | D:7      | Reached skill level 5 in Invocations
  5995 | D:7      | Killed Duvessa
  6004 | D:7      | Killed Maggie
  6152 | D:7      | Slain by a very large slime creature

Illustrated notes

Levels and vault maps discovered:
D:1:      wander_arrival_peaceful_grave, layout_loops_ring, serial_park_tiny_2
D:2:      layout_loops_corners, basic_altar
D:3:      layout_basic, regret_index_temple_of_mockery,
          mainiacjoe_overflow_concentric_impassable, serial_shops, shop_statue,
          shop_coins, shop_fountains, nicolae_diamond_shop,
          basic_ecumenical_altar, serial_curves, eino_curves_02, eino_curves_04
D:4:      layout_loops_corners, okawaru_gym_becter, st_stairs_11,
          minmay_pentomino_pile
D:5:      layout_cave_pools, lemuel_doored_altar, lemuel_tele_altar,
          minmay_temple_entry_statues_pillars, minmay_manual_macuahuitl,
          uniq_prince_ribbit1
D:6:      layout_basic, minmay_ruined_shrine, uniq_eustachio
D:7:      layout_cave_pools, mainiacjoe_overflow_alcove_4,
          gammafunk_ghost_nasty_kobolds, chequers_serial_rivers_marsh,
          uniq_duvessa, uniq_maggie

Skill      XL: |  1  2  3  4  5  6  7  8  9 |
---------------+----------------------------+-----
Invocations    | 1 2 3 4 5 |  5.3
Short Blades   | 1 2 3 4 |  4.8
Long Blades    | 1 2 3 4 |  4.8
Axes           | 1 2 3 4 |  4.8
Maces & Flails | 1 2 3 5 |  5.6
Polearms       | 1 2 3 4 |  4.8
Staves         | 1 2 3 4 |  4.8
Ranged Weapons | 1 2 3 4 |  4.8
Throwing       | 1 2 3 4 |  4.8
Stealth        | 1 2 3 4 |  4.8
Shields        | 1 2 3 4 |  4.8
Spellcasting   | 1 2 3 4 |  4.8
Evocations     | 1 2 3 4 |  4.8
Conjurations   | 1 2 3 4 |  4.0
Hexes          | 1 2 3 4 |  4.0
Summonings     | 1 2 3 4 |  4.0
Necromancy     | 1 2 3 4 |  4.0
Translocations | 1 2 3 4 |  4.0
Transmutations | 1 2 3 4 |  4.0
Fire Magic     | 1 2 3 4 |  4.0
Ice Magic      | 1 2 3 4 |  4.0
Air Magic      | 1 2 3 4 |  4.0
Earth Magic    | 1 2 3 4 |  4.0
Poison Magic   | 1 2 3 4 |  4.0
Shapeshifting  | 1 2 3 4 |  4.0
Armour         | 5 6 |  6.7
Dodging        | 5 6 |  6.7
Fighting       | 7 8 |  8.2
Unarmed Combat | 7 8 |  8.5

Action                     |  1- 3 |  4- 6 |  7- 9 || total
---------------------------+-------+-------+-------++-------
  Melee: Unarmed           |    54 |   131 |   298 ||   483
         Bite              |     4 |    11 |    26 ||    41
         Punch             |     1 |     3 |    15 ||    19
  Throw: Dart              |       |       |     3 ||     3
 Invoke: Trog's Hand       |       |     2 |     4 ||     6
         Berserk           |       |     1 |    10 ||    11
    Use: Potion            |       |     1 |     6 ||     7
         Scroll            |       |       |    11 ||    11
   Stab: Sleeping          |     2 |     1 |       ||     3
 Armour: Animal skin       |     7 |     2 |       ||     9
         Plate armour      |       |   178 |   146 ||   324
         Skin              |       |       |     4 ||     4
  Dodge: Dodged            |    36 |    75 |   149 ||   260

Table legend: (Time is in decaauts)
 A = Elapsed time spent in this place.
 B = Non-inter-level travel time spent in this place.
 C = Inter-level travel time spent in this place.
 D = Time resting spent in this place.
 E = Time spent auto-exploring this place.
 F = Levels seen in this place.
 G = Mean time per level.
                   A        B        C        D        E       F      G
               +--------+--------+--------+--------+--------+-----+--------+
         Total |   6169 |   5958 |    211 |    666 |   4234 |   7 |  881.3 |
       Dungeon |   6169 |   5958 |    211 |    666 |   4234 |   7 |  881.3 |
               +--------+--------+--------+--------+--------+-----+--------+

Top non-repeatable levels by time:
     D:4: 1351 daAuts
     D:6: 1009 daAuts
     D:5: 984 daAuts
     D:3: 938 daAuts
     D:2: 863 daAuts
     D:1: 709 daAuts
     D:7: 312 daAuts
